[Event "EIWCC 2018"]
[Site "Vysoke Tatry"]
[Date "2018.04.10"]
[Round "3"]
[White "Gaponenko, Inna"]
[Black "Gvanceladze, Anna"]
[Result "1/2-1/2"]
[ECO "B12"]
[WhiteElo "2406"]
[BlackElo "2302"]
[Annotator "NA"]
[PlyCount "80"]
[EventDate "2018.??.??"]
[EventType "swiss"]
[EventCountry "SVK"]
[SourceTitle "playchess.com"]
[Source "ChessBase"]
[SourceQuality "1"]
[TimeControl "40/5400+30:1800+30"]

1. e4 c6 2. d4 d5 3. e5 c5 4. dxc5 Nc6 5. a3 {[%emt 0:00:06] LiveBook: 72 Games B12: Caro-Kann: Advance Variation} Nxe5 6. Bb5+ (6. b4 Nf6 7. Bb2 Nc6 8. Nf3 g6 9. Nc3 d4 10. Nb5 e5 11. Qe2 Bg4 12. O-O-O Bh6+ {1-0 (48) Nepomniachtchi,I (2751)-Navara,D (2737) Saint Louis 2017}) 6... Nc6 7. b4 Nf6 8. Bb2 g6 9. c4 Be6 10. Nf3 dxc4 11. Qxd8+ Rxd8 12. Ne5 Rc8 13. Nd2 $146 Bg7 14. Nxc6 bxc6 15. Bxc4 Bxc4 16. Nxc4 O-O 17. Bxf6 Bxf6 18. O-O-O Rc7 19. Rd3 Rfc8 20. Rhd1 e6 $16 21. Rd7 Kf8 22. Kc2 Ke8 23. Rxc7 Rxc7 24. Na5 Be7 25. Rd3 h5 26. Kc3 f6 27. Kc4 e5 28. a4 Kf7 29. Nb3 a6 30. b5 axb5+ 31. axb5 cxb5+ 32. Kxb5 Rb7+ 33. Kc4 Rc7 34. Kb5 Rb7+ 35. Kc4 Rc7 36. f3 Ke6 37. Kb5 Rb7+ 38. Kc4 Rc7 39. Kb5 Rb7+ 40. Kc4 {[%emt 0:00:00] Kd5+} Rc7 1/2-1/2

[Event "EIWCC 2018"]
[Site "Vysoke Tatry"]
[Date "2018.04.10"]
[Round "3"]
[White "Mkrtchian, Lilit"]
[Black "Zherebtsova, Alexandra"]
[Result "1/2-1/2"]
[ECO "A06"]
[WhiteElo "2403"]
[BlackElo "2202"]
[Annotator "NA"]
[PlyCount "89"]
[EventDate "2018.??.??"]
[EventType "swiss"]
[EventCountry "SVK"]
[SourceTitle "playchess.com"]
[Source "ChessBase"]
[SourceQuality "1"]
[TimeControl "40/5400+30:1800+30"]

1. Nf3 d5 2. g3 g6 3. Bg2 Bg7 4. d4 Nf6 5. c4 c6 6. cxd5 cxd5 7. O-O Nc6 8. Nc3 Ne4 9. e3 f5 10. Ne2 g5 11. b3 $11 O-O 12. Bb2 Qd6 13. Ne1 b6 14. Nd3 Ba6 15. f3 Nf6 16. Ne5 f4 17. exf4 gxf4 18. Re1 fxg3 19. hxg3 Nh5 20. f4 Bxe2 21. Qxe2 Nxg3 22. Qb5 Nxe5 23. dxe5 Qg6 24. Qxd5+ e6 25. Qf3 Rad8 26. Ba3 Rd3 27. Qf2 Rfd8 28. Rac1 Nf5 29. Bb4 Bh6 30. Rc4 a5 31. Bd6 Kh8 32. Rec1 Rg3 33. Rc8 Rg8 34. Rxg8+ Qxg8 35. Kh1 Rg4 36. Rc4 b5 37. Rc3 Bxf4 38. Rf3 Ng3+ 39. Rxg3 Bxg3 40. Qf6+ Qg7 41. Qd8+ Qg8 42. Qf6+ Rg7 43. Bf8 Bxe5 44. Bxg7+ Qxg7 45. Qxe6 1/2-1/2

[Event "EIWCC 2018"]
[Site "Vysoke Tatry"]
[Date "2018.04.10"]
[Round "3"]
[White "Arabidze, Meri"]
[Black "Prudnykova, Olga"]
[Result "1-0"]
[ECO "D71"]
[WhiteElo "2393"]
[BlackElo "2281"]
[Annotator "ChessBase"]
[PlyCount "117"]
[EventDate "2018.??.??"]
[EventType "swiss"]
[EventCountry "SVK"]
[SourceTitle "playchess.com"]
[Source "ChessBase"]
[SourceQuality "1"]
[TimeControl "40/5400+30:1800+30"]

1. d4 Nf6 2. c4 g6 3. g3 Bg7 4. Bg2 d5 5. cxd5 Nxd5 6. Nf3 Nb6 7. Nc3 Nc6 8. e3 O-O 9. O-O a5 10. Qe2 Be6 11. Nd2 a4 12. Rd1 Na5 13. Nde4 Qc8 14. Nc5 Bg4 15. f3 Bd7 16. Nxd7 Qxd7 17. Ne4 Nbc4 18. f4 Rfd8 19. Nc5 Qb5 20. Qc2 Nc6 21. Nxb7 Nxd4 22. exd4 Rxd4 23. Re1 c6 24. Bf1 Qb6 25. Kh1 Qxb7 26. Bxc4 c5+ 27. Kg1 Qb4 28. Re4 Rad8 29. Be3 Rxe4 30. Qxe4 Bd4 31. Bf1 Qxb2 32. Bxd4 Rxd4 33. Qb1 Qd2 34. Qe1 Qc2 35. Rb1 Re4 36. Rb8+ Kg7 37. Qf2 Qd1 38. Qxc5 Re1 39. Qf2 a3 40. Rb3 Qc1 41. Rf3 Rd1 42. Qa7 e6 43. Rf2 Qc3 44. Qa6 Rb1 45. Qe2 Kg8 46. Qf3 Qc1 47. Qd3 Ra1 48. Rc2 Qe1 49. Qd8+ Kg7 50. Qd4+ f6 51. Rf2 e5 52. fxe5 Qxe5 53. Qxe5 fxe5 54. Kg2 e4 55. Bc4 Rb1 56. Bd5 e3 57. Re2 Rd1 58. Bb3 Rd3 59. Kf3 1-0

[Event "EIWCC 2018"]
[Site "Vysoke Tatry"]
[Date "2018.04.10"]
[Round "3"]
[White "Fataliyeva, Ulviyya"]
[Black "Sandu, Mihaela"]
[Result "0-1"]
[ECO "B94"]
[WhiteElo "2361"]
[BlackElo "2240"]
[Annotator "NA"]
[PlyCount "86"]
[EventDate "2018.??.??"]
[EventType "swiss"]
[EventCountry "SVK"]
[SourceTitle "playchess.com"]
[Source "ChessBase"]
[SourceQuality "1"]
[TimeControl "40/5400+30:1800+30"]

1. e4 c5 2. Nf3 d6 3. d4 cxd4 4. Nxd4 Nf6 5. Nc3 a6 6. Bg5 Nbd7 7. f4 Qc7 8. Qf3 h6 9. Bh4 g5 10. fxg5 hxg5 11. Bxg5 Qc5 12. Nf5 e6 13. Bxf6 Nxf6 14. Ng3 Nd7 15. Be2 Ne5 16. Qf2 Qxf2+ 17. Kxf2 b5 18. a4 b4 19. Na2 d5 20. exd5 Bb7 21. c4 exd5 22. Rhe1 Bc5+ 23. Kf1 Kf8 24. Bh5 Nxc4 25. Rac1 Bd6 26. Bf3 Rxh2 27. Nf5 Bc5 28. Ke2 Re8+ 29. Kd3 Nxb2+ 30. Kd2 Nxa4 31. Rxe8+ Kxe8 32. Rxc5 Nxc5 33. Nd6+ Kd7 34. Nxb7 Nxb7 35. Nxb4 a5 36. Nxd5 Nd6 37. Kc3 Rh4 38. Kb3 Nb5 39. Bg4+ Kd6 40. Ne3 Kc5 41. g3 Rh1 42. Kb2 Rg1 43. Nf5 Nd4 0-1

[Event "EIWCC 2018"]
[Site "Vysoke Tatry"]
[Date "2018.04.10"]
[Round "3"]
[White "Mamedjarova, Zeinab"]
[Black "Rodshtein, Tereza"]
[Result "1-0"]
[ECO "D04"]
[WhiteElo "2355"]
[BlackElo "2226"]
[Annotator "NA"]
[PlyCount "45"]
[EventDate "2018.??.??"]
[EventType "swiss"]
[EventCountry "SVK"]
[SourceTitle "playchess.com"]
[Source "ChessBase"]
[SourceQuality "1"]
[TimeControl "40/5400+30:1800+30"]

1. d4 d5 2. Nf3 Nf6 3. e3 c6 4. Bd3 Bg4 5. O-O e6 6. Nbd2 Bd6 7. Re1 O-O 8. e4 dxe4 9. Nxe4 Nxe4 10. Bxe4 Nd7 11. c3 Re8 12. h3 Bh5 13. Bd2 e5 14. Qc2 Bg6 15. dxe5 Nxe5 16. Ng5 Nc4 17. Bxg6 hxg6 18. Rxe8+ Qxe8 19. Re1 Qd7 20. Qe4 Bc5 21. Qh4 Bxf2+ 22. Kxf2 Qxd2+ 23. Re2 1-0

[Event "EIWCC 2018"]
[Site "Vysoke Tatry"]
[Date "2018.04.10"]
[Round "3"]
[White "Sliwicka, Alicja"]
[Black "Ptacnikova, Lenka"]
[Result "1/2-1/2"]
[ECO "B42"]
[WhiteElo "2329"]
[BlackElo "2198"]
[Annotator "NA"]
[PlyCount "110"]
[EventDate "2018.??.??"]
[EventType "swiss"]
[EventCountry "SVK"]
[SourceTitle "playchess.com"]
[Source "ChessBase"]
[SourceQuality "1"]
[TimeControl "40/5400+30:1800+30"]

1. e4 c5 2. Nf3 e6 3. d4 cxd4 4. Nxd4 a6 5. Bd3 Nf6 6. O-O Qc7 7. Nc3 d6 8. f4 Nc6 9. Nxc6 Qxc6 10. Qe2 Be7 11. Bd2 O-O 12. Rae1 e5 13. f5 b5 14. Nd5 Bd8 15. Kh1 Bb7 16. c4 bxc4 17. Bxc4 Nxd5 18. exd5 Qd7 19. f6 Bxf6 20. Rxf6 gxf6 21. Qh5 Qe7 22. Bh6 Kh8 23. Bd3 f5 24. Bxf5 f6 25. Bxf8 Rxf8 26. Be4 f5 27. Bxf5 Bxd5 28. Bh3 Bxa2 29. Qe2 Qf7 30. Qxa6 Bc4 31. Qa1 Qf2 32. Rg1 Bb5 33. b3 Qe3 34. Be6 Bc6 35. Qd1 d5 36. Rf1 Rf2 37. Re1 Qg5 38. Bxd5 Rd2 39. Bxc6 Rxd1 40. Rxd1 Qe3 41. Bd5 Kg7 42. h3 e4 43. Bxe4 Qxe4 44. Rf1 Kg6 45. Rf3 Qe1+ 46. Kh2 h5 47. h4 Qxh4+ 48. Rh3 Qe1 49. Rf3 Kg5 50. Rh3 Kg4 51. Rf3 h4 52. Rh3 Qe5+ 53. Kh1 Qe1+ 54. Kh2 Qe5+ 55. Kh1 Qe1+ 1/2-1/2

[Event "EIWCC 2018"]
[Site "Vysoke Tatry"]
[Date "2018.04.10"]
[Round "3"]
[White "Cibickova, Zuzana"]
[Black "Mrvova, Alena"]
[Result "1/2-1/2"]
[ECO "A04"]
[WhiteElo "2327"]
[BlackElo "2179"]
[Annotator "NA"]
[PlyCount "68"]
[EventDate "2018.??.??"]
[EventType "swiss"]
[EventCountry "SVK"]
[SourceTitle "playchess.com"]
[Source "ChessBase"]
[SourceQuality "1"]
[TimeControl "40/5400+30:1800+30"]

1. Nf3 b6 2. e4 c5 3. d4 cxd4 4. Nxd4 Bb7 5. Nc3 Nc6 6. Be3 g6 7. Nxc6 dxc6 8. Bd4 f6 9. Bc4 Bg7 10. O-O Nh6 11. f4 Nf7 12. Be3 Qxd1 13. Rfxd1 Nd6 14. Be2 O-O 15. b3 Rfd8 16. Bf3 Nb5 17. Rxd8+ Rxd8 18. Rd1 Rxd1+ 19. Nxd1 c5 20. c3 Kf7 21. Kf1 Nd6 22. Nf2 Nb5 23. Bd2 Bh6 24. Ng4 Bg7 25. Nf2 Bc6 26. Ke2 e6 27. Kd3 Ke7 28. Be3 Kd7 29. a4 Nd6 30. a5 Bb5+ 31. Kc2 Bc6 32. Kd3 Bb5+ 33. Kc2 Bc6 34. Kd3 Bb5+ 1/2-1/2

[Event "EIWCC 2018"]
[Site "Vysoke Tatry"]
[Date "2018.04.10"]
[Round "3"]
[White "Babiy, Olga"]
[Black "Vidic, Teja"]
[Result "1-0"]
[ECO "C70"]
[WhiteElo "2318"]
[BlackElo "2176"]
[Annotator "NA"]
[PlyCount "63"]
[EventDate "2018.??.??"]
[EventType "swiss"]
[EventCountry "SVK"]
[SourceTitle "playchess.com"]
[Source "ChessBase"]
[SourceQuality "1"]
[TimeControl "40/5400+30:1800+30"]

1. e4 e5 2. Nf3 Nc6 3. Bb5 a6 4. Ba4 b5 5. Bb3 g6 6. c3 Bg7 7. d4 exd4 8. cxd4 Na5 9. d5 Nxb3 10. Qxb3 d6 11. O-O Ne7 12. Bd2 O-O 13. Bc3 c5 14. dxc6 Be6 15. Qa3 Bxc3 16. Nxc3 Nxc6 17. Nd5 Bxd5 18. exd5 Na5 19. b3 Rb8 20. Nd4 b4 21. Qa4 Qb6 22. Rfd1 Nb7 23. Qd7 Nc5 24. Qg4 Rbe8 25. Nc6 Re4 26. Qg3 Nb7 27. Re1 Rfe8 28. Rxe4 Rxe4 29. Qf3 Re8 30. Qf6 Re2 31. Ne7+ Kf8 32. Nc8 1-0

[Event "EIWCC 2018"]
[Site "Vysoke Tatry"]
[Date "2018.04.10"]
[Round "3"]
[White "Doluhanova, Evgeniya"]
[Black "Batyte, Daiva"]
[Result "1/2-1/2"]
[ECO "A45"]
[WhiteElo "2304"]
[BlackElo "2165"]
[Annotator "NA"]
[PlyCount "73"]
[EventDate "2018.??.??"]
[EventType "swiss"]
[EventCountry "SVK"]
[SourceTitle "playchess.com"]
[Source "ChessBase"]
[SourceQuality "1"]
[TimeControl "40/5400+30:1800+30"]

1. d4 Nf6 2. Bf4 c5 3. e3 g6 4. Nf3 Bg7 5. Be2 d6 6. h3 Qb6 7. b3 Nc6 8. c3 Nd5 9. Bg3 Qa5 10. O-O cxd4 11. cxd4 O-O 12. Bc4 Nb6 13. Nbd2 d5 14. Be2 Nd7 15. a3 a6 16. b4 Qd8 17. Rc1 e5 18. dxe5 Ndxe5 19. Nxe5 Nxe5 20. e4 d4 21. f4 d3 22. fxe5 dxe2 23. Qxe2 Bd7 24. Qe3 Bb5 25. Rfd1 Ba4 26. Re1 Re8 27. Nc4 Re6 28. Nb2 Bc6 29. Nd3 b6 30. Red1 Qe8 31. Kh1 Bb5 32. Rc3 Rd8 33. Rdc1 Bxd3 34. Rxd3 Bxe5 35. Bxe5 Rxe5 36. Rxd8 Qxd8 37. Qf4 1/2-1/2

[Event "EIWCC 2018"]
[Site "Vysoke Tatry"]
[Date "2018.04.10"]
[Round "3"]
[White "Martynkova, Olena"]
[Black "Kusenkova, Natallia"]
[Result "0-1"]
[ECO "E06"]
[WhiteElo "2280"]
[BlackElo "2134"]
[Annotator "RC"]
[PlyCount "146"]
[EventDate "2018.??.??"]
[EventType "swiss"]
[EventCountry "SVK"]
[SourceTitle "playchess.com"]
[Source "ChessBase"]
[SourceQuality "1"]
[TimeControl "40/5400+30:1800+30"]

1. d4 d5 2. Nf3 Nf6 3. c4 e6 4. g3 Be7 5. Bg2 O-O 6. O-O dxc4 7. Qc2 a6 8. a4 Bd7 9. Qxc4 Bc6 10. Bg5 Bd5 11. Qd3 Be4 12. Qe3 Bc6 13. Nc3 Nbd7 14. Qd3 Bb4 15. Rfe1 h6 16. Bxf6 Nxf6 17. e4 b6 18. Ne5 Bb7 19. Qc4 c5 20. Rad1 Qb8 21. Nd3 cxd4 22. Nxb4 dxc3 23. Qxc3 Rc8 24. Qd4 a5 25. Nd3 Bc6 26. b3 Rd8 27. Qc3 Qb7 28. f3 Rac8 29. Qb2 b5 30. Nc5 Qb6 31. Rxd8+ Rxd8 32. Qf2 bxa4 33. bxa4 Qb4 34. Qe3 Bxa4 35. Nxa4 Qxa4 36. Qc3 Qb5 37. Bf1 Qb6+ 38. Qe3 Qb4 39. Rc1 a4 40. Rc4 Qa5 41. Rc5 Qb6 42. Rc3 Qxe3+ 43. Rxe3 Ra8 44. Ra3 Nd7 45. Kf2 Kf8 46. Ke3 Ke7 47. Bb5 Ra5 48. Bc4 Kd6 49. Kd4 Ne5 50. Be2 Nc6+ 51. Kc4 Rc5+ 52. Kd3 Nb4+ 53. Kd2 Rc2+ 54. Ke3 Ra2 55. Rxa2 Nxa2 56. Kd4 Nc1 57. Bb5 e5+ 58. Kc3 a3 59. Bc4 f6 60. Kc2 Kc5 61. Be6 a2 62. Kb2 Kd4 63. h4 Ke3 64. Bg4 Kf2 65. h5 Kxg3 66. Ka1 Kh4 67. Kb2 Kg5 68. Ka1 g6 69. hxg6 Kxg6 70. Kb2 Kg5 71. Ka1 h5 72. Bh3 Kf4 73. Bg2 Kg3 0-1

[Event "EIWCC 2018"]
[Site "Vysoke Tatry"]
[Date "2018.04.10"]
[Round "3"]
[White "Kantane, Anna"]
[Black "Froewis, Annika"]
[Result "1-0"]
[ECO "C00"]
[WhiteElo "2266"]
[BlackElo "2113"]
[Annotator "NA"]
[PlyCount "95"]
[EventDate "2018.??.??"]
[EventType "swiss"]
[EventCountry "SVK"]
[SourceTitle "playchess.com"]
[Source "ChessBase"]
[SourceQuality "1"]
[TimeControl "40/5400+30:1800+30"]

1. e4 e6 2. c4 d5 3. cxd5 exd5 4. exd5 Qxd5 5. Nc3 Qd8 6. d4 c6 7. Bc4 Bb4 8. Bxf7+ Kxf7 9. Qb3+ Be6 10. Qxb4 Qe7 11. Qxe7+ Nxe7 12. Nf3 h6 13. Ne5+ Kg8 14. O-O Na6 15. Re1 Re8 16. Ne4 b6 17. a3 Rd8 18. Be3 Kh7 19. Rac1 Bd5 20. Nc3 Bb3 21. f3 Rhe8 22. Ne4 Bd5 23. Bf2 Nc7 24. Bh4 Ne6 25. Nc3 g5 26. Bf2 Nf5 27. Nxd5 cxd5 28. Nc6 Rc8 29. Nxa7 Rxc1 30. Rxc1 Nexd4 31. Rd1 Ne2+ 32. Kf1 Nf4 33. g3 Nh3 34. Rxd5 Nxf2 35. Kxf2 Ne3 36. Rd7+ Kg8 37. Nb5 Nc4 38. Nd6 Ne5 39. Nxe8 Nxd7 40. Ke3 Kf7 41. Nc7 Ne5 42. b3 g4 43. fxg4 Nxg4+ 44. Kf4 Nf6 45. Kf5 h5 46. h3 Nd7 47. Nd5 b5 48. b4 1-0

[Event "EIWCC 2018"]
[Site "Vysoke Tatry"]
[Date "2018.04.10"]
[Round "3"]
[White "Ionescu, Irina"]
[Black "Szczepkowska, Karina"]
[Result "1/2-1/2"]
[ECO "A46"]
[WhiteElo "2247"]
[BlackElo "2403"]
[Annotator "ChessBase"]
[PlyCount "50"]
[EventDate "2018.??.??"]
[EventType "swiss"]
[EventCountry "SVK"]
[SourceTitle "playchess.com"]
[Source "ChessBase"]
[SourceQuality "1"]
[TimeControl "40/5400+30:1800+30"]

1. d4 Nf6 2. Nf3 e6 3. Bf4 d5 4. e3 c5 5. c3 Nc6 6. h3 Bd6 7. Bxd6 Qxd6 8. Nbd2 O-O 9. Bd3 e5 10. dxe5 Nxe5 11. Nxe5 Qxe5 12. O-O Bd7 13. Qf3 Bc6 14. Qf5 Qxf5 15. Bxf5 Rad8 16. Rfd1 d4 17. exd4 cxd4 18. cxd4 Rxd4 19. Nb3 Rd5 20. Rxd5 Bxd5 21. Nd4 g6 22. Bc2 Rc8 23. Rd1 a6 24. Bb3 Bxb3 25. Nxb3 Rc2 1/2-1/2

[Event "EIWCC 2018"]
[Site "Vysoke Tatry"]
[Date "2018.04.10"]
[Round "3"]
[White "Novosadova, Kristyna"]
[Black "Caglar, Sila"]
[Result "1/2-1/2"]
[ECO "E88"]
[WhiteElo "2240"]
[BlackElo "2077"]
[Annotator "NA"]
[PlyCount "60"]
[EventDate "2018.??.??"]
[EventType "swiss"]
[EventCountry "SVK"]
[SourceTitle "playchess.com"]
[Source "ChessBase"]
[SourceQuality "1"]
[TimeControl "40/5400+30:1800+30"]

1. d4 Nf6 2. c4 g6 3. Nc3 Bg7 4. e4 d6 5. f3 O-O 6. Be3 e5 7. d5 c6 8. Qd2 a6 9. dxc6 Nxc6 10. Rd1 Qa5 11. Bd3 Nh5 12. Nge2 Be6 13. O-O Rac8 14. b3 Nf4 15. g3 Nxe2+ 16. Nxe2 Qc7 17. Bb1 Rcd8 18. Rc1 f5 19. exf5 gxf5 20. Nc3 f4 21. Nd5 fxe3 22. Qd3 Bxd5 23. Qxh7+ Kf7 24. cxd5 e2 25. Rf2 Qa5 26. Qg6+ Kg8 27. Qh7+ Kf7 28. Qg6+ Kg8 29. Qe6+ Rf7 30. Rxe2 Nd4 1/2-1/2

[Event "EIWCC 2018"]
[Site "Vysoke Tatry"]
[Date "2018.04.10"]
[Round "3"]
[White "Maltsevskaya, Aleksandra"]
[Black "Voit, Daria"]
[Result "1-0"]
[ECO "C00"]
[WhiteElo "2237"]
[BlackElo "2388"]
[Annotator "NA"]
[PlyCount "69"]
[EventDate "2018.??.??"]
[EventType "swiss"]
[EventCountry "SVK"]
[SourceTitle "playchess.com"]
[Source "ChessBase"]
[SourceQuality "1"]
[TimeControl "40/5400+30:1800+30"]

1. e4 e6 2. d3 d5 3. Nd2 c5 4. Ngf3 Nc6 5. c3 Nf6 6. g3 Be7 7. Bg2 O-O 8. O-O Qc7 9. Re1 b5 10. Nf1 Bb7 11. e5 Nd7 12. d4 b4 13. h4 Rfc8 14. Ng5 h6 15. Nh3 bxc3 16. bxc3 cxd4 17. cxd4 Bb4 18. Re3 Ne7 19. Rb3 Ba5 20. Ba3 Nb6 21. Rc1 Qd7 22. Bc5 Nc4 23. Rxc4 dxc4 24. Rxb7 Bc7 25. Ne3 Rcb8 26. Nxc4 Rxb7 27. Bxb7 Rb8 28. Be4 Nd5 29. Bc2 Qb5 30. Qd3 g6 31. h5 Nb4 32. Bxb4 Qxb4 33. hxg6 Qf8 34. gxf7+ Qxf7 35. Nf4 1-0

[Event "EIWCC 2018"]
[Site "Vysoke Tatry"]
[Date "2018.04.10"]
[Round "3"]
[White "Solozhenkina, Elizaveta"]
[Black "Ferkova, Dominika"]
[Result "1-0"]
[ECO "B18"]
[WhiteElo "2236"]
[BlackElo "2068"]
[Annotator "NA"]
[PlyCount "45"]
[EventDate "2018.??.??"]
[EventType "swiss"]
[EventCountry "SVK"]
[SourceTitle "playchess.com"]
[Source "ChessBase"]
[SourceQuality "1"]
[TimeControl "40/5400+30:1800+30"]

1. e4 c6 2. d4 d5 3. Nc3 dxe4 4. Nxe4 Bf5 5. Ng3 Bg6 6. Nh3 h6 7. Bc4 e6 8. Nf4 Bh7 9. O-O Nf6 10. Re1 Be7 11. Bxe6 O-O 12. Bf5 Nd5 13. c3 Bd6 14. Nxd5 cxd5 15. Bxh7+ Kxh7 16. Qd3+ Kg8 17. Nf5 Nc6 18. Qf3 Kh8 19. Bd2 Bc7 20. Re3 Qd7 21. Qg4 g6 22. Qh4 h5 23. Qf6+ 1-0

[Event "EIWCC 2018"]
[Site "Vysoke Tatry"]
[Date "2018.04.10"]
[Round "3"]
[White "Gevorgyan, Maria"]
[Black "Arakhamia-Grant, Ketevan"]
[Result "0-1"]
[ECO "B01"]
[WhiteElo "2226"]
[BlackElo "2347"]
[Annotator "NA"]
[PlyCount "78"]
[EventDate "2018.??.??"]
[EventType "swiss"]
[EventCountry "SVK"]
[SourceTitle "playchess.com"]
[Source "ChessBase"]
[SourceQuality "1"]
[TimeControl "40/5400+30:1800+30"]

1. e4 d5 2. exd5 Qxd5 3. Nc3 Qa5 4. d4 Nf6 5. Nf3 Bf5 6. Bd2 e6 7. Ne5 Qb6 8. Qf3 c6 9. O-O-O Nbd7 10. Nc4 Qd8 11. h3 b5 12. Ne3 b4 13. Nxf5 bxc3 14. Bxc3 exf5 15. Qxc6 Be7 16. d5 Ne4 17. Bxg7 Rg8 18. Bd4 Rg6 19. Qa4 Kf8 20. Bb5 Nb6 21. Qa5 Nxd5 22. Qe1 Rb8 23. c4 Qc7 24. Kb1 Nb4 25. a3 Nc6 26. Bxc6 Qxc6 27. Qa5 Bf6 28. Qxa7 Ra8 29. Qb6 Qxb6 30. Bxb6 Bxb2 31. Kxb2 Rxb6+ 32. Kc2 Rxa3 33. Ra1 Rc3+ 34. Kd1 Nxf2+ 35. Kd2 Ne4+ 36. Ke1 Rb2 37. Rf1 Rxg2 38. Rxf5 Rg1+ 39. Rf1 Re3+ 0-1

[Event "EIWCC 2018"]
[Site "Vysoke Tatry"]
[Date "2018.04.10"]
[Round "3"]
[White "Kubicka, Anna"]
[Black "Cosma, Elena-Luminita"]
[Result "1/2-1/2"]
[ECO "C09"]
[WhiteElo "2215"]
[BlackElo "2340"]
[Annotator "NA"]
[PlyCount "62"]
[EventDate "2018.??.??"]
[EventType "swiss"]
[EventCountry "SVK"]
[SourceTitle "playchess.com"]
[Source "ChessBase"]
[SourceQuality "1"]
[TimeControl "40/5400+30:1800+30"]

1. e4 e6 2. d4 d5 3. Nd2 c5 4. exd5 exd5 5. Ngf3 Nc6 6. Bb5 cxd4 7. O-O Bd6 8. Nb3 Nge7 9. Nbxd4 O-O 10. Be3 Bg4 11. Be2 Bh5 12. c3 Bg6 13. Bd3 a6 14. Qd2 Qc7 15. h3 Na5 16. Bxg6 hxg6 17. Qc2 Nc4 18. Bg5 Rfe8 19. Rad1 b5 20. Nd2 Rac8 21. Nxc4 dxc4 22. Bxe7 Rxe7 23. a4 Rb8 24. axb5 axb5 25. Rfe1 Be5 26. Nf3 Bf6 27. Rxe7 Qxe7 28. Re1 Qc5 29. Nd2 Qf5 30. Ne4 Rd8 31. Nxf6+ Qxf6 1/2-1/2

[Event "EIWCC 2018"]
[Site "Vysoke Tatry"]
[Date "2018.04.10"]
[Round "3"]
[White "Motycakova, Monika"]
[Black "Slaba, Andrea"]
[Result "1-0"]
[ECO "C04"]
[WhiteElo "2207"]
[BlackElo "1924"]
[Annotator "NA"]
[PlyCount "73"]
[EventDate "2018.??.??"]
[EventType "swiss"]
[EventCountry "SVK"]
[SourceTitle "playchess.com"]
[Source "ChessBase"]
[SourceQuality "1"]
[TimeControl "40/5400+30:1800+30"]

1. e4 e6 2. d4 d5 3. Nd2 Nc6 4. Ngf3 Nf6 5. e5 Nd7 6. Bd3 Nb4 7. Be2 c5 8. c3 Nc6 9. O-O Be7 10. Re1 Qb6 11. Nb3 cxd4 12. cxd4 a5 13. a4 O-O 14. Bg5 f6 15. exf6 Nxf6 16. Bd3 Qd8 17. Rc1 Nb4 18. Bb1 b6 19. Ne5 Qe8 20. Re3 Ne4 21. Bxe7 Qxe7 22. Rh3 Qg5 23. Rc7 Ba6 24. Bxe4 dxe4 25. Rg3 Qf6 26. Qd2 Nd5 27. Ng4 Nxc7 28. Nxf6+ Rxf6 29. Qg5 Ne8 30. Nd2 Bd3 31. Qe5 Rc8 32. h3 Rc1+ 33. Kh2 Rxf2 34. Qxe6+ Kf8 35. Nxe4 Bxe4 36. Qxe4 Rxb2 37. Qf4+ 1-0

[Event "EIWCC 2018"]
[Site "Vysoke Tatry"]
[Date "2018.04.10"]
[Round "3"]
[White "Arda, Cagil Irmak"]
[Black "Balajayeva, Khanim"]
[Result "1/2-1/2"]
[ECO "C91"]
[WhiteElo "2199"]
[BlackElo "2348"]
[Annotator "NA"]
[PlyCount "39"]
[EventDate "2018.??.??"]
[EventType "swiss"]
[EventCountry "SVK"]
[SourceTitle "playchess.com"]
[Source "ChessBase"]
[SourceQuality "1"]
[TimeControl "40/5400+30:1800+30"]

1. e4 e5 2. Nf3 Nc6 3. Bb5 a6 4. Ba4 Nf6 5. O-O Be7 6. Re1 b5 7. Bb3 d6 8. c3 O-O 9. d4 Bg4 10. Be3 Bh5 11. Nbd2 d5 12. Qb1 Bxf3 13. Nxf3 exd4 14. Nxd4 Nxd4 15. Bxd4 dxe4 16. Bxf6 Bxf6 17. Qxe4 Re8 18. Qc6 Be5 19. Rad1 Qf6 20. Qxf6 1/2-1/2

[Event "EIWCC 2018"]
[Site "Vysoke Tatry"]
[Date "2018.04.10"]
[Round "3"]
[White "Chernyak, Viktoria"]
[Black "Sedina, Elena"]
[Result "1/2-1/2"]
[ECO "D10"]
[WhiteElo "2196"]
[BlackElo "2292"]
[Annotator "NA"]
[PlyCount "49"]
[EventDate "2018.??.??"]
[EventType "swiss"]
[EventCountry "SVK"]
[SourceTitle "playchess.com"]
[Source "ChessBase"]
[SourceQuality "1"]
[TimeControl "40/5400+30:1800+30"]

1. d4 d5 2. c4 c6 3. Nc3 Nf6 4. e3 g6 5. Nf3 Bg7 6. Be2 O-O 7. O-O Bg4 8. cxd5 cxd5 9. Qb3 b6 10. h3 Bc8 11. Ne5 Bb7 12. Bd2 Nc6 13. f4 e6 14. Be1 Ne8 15. Nxc6 Bxc6 16. Rc1 Nd6 17. Nb5 Bxb5 18. Bxb5 Nxb5 19. Qxb5 Qe8 20. Qa6 Qd7 21. Rf2 Rfc8 22. Rfc2 Rxc2 23. Rxc2 f6 24. Bg3 Re8 25. Qd3 1/2-1/2

[Event "EIWCC 2018"]
[Site "Vysoke Tatry"]
[Date "2018.04.10"]
[Round "3"]
[White "Richterova, Natasa"]
[Black "Unuk, Laura"]
[Result "0-1"]
[ECO "E06"]
[WhiteElo "2181"]
[BlackElo "2329"]
[Annotator "NA"]
[PlyCount "70"]
[EventDate "2018.??.??"]
[EventType "swiss"]
[EventCountry "SVK"]
[SourceTitle "playchess.com"]
[Source "ChessBase"]
[SourceQuality "1"]
[TimeControl "40/5400+30:1800+30"]

1. Nf3 d5 2. d4 Nf6 3. c4 e6 4. g3 Be7 5. Bg2 O-O 6. O-O dxc4 7. Qc2 b6 8. Ne5 Qxd4 9. Bxa8 Qxe5 10. Bf4 Qh5 11. Bf3 Ng4 12. Bxg4 Qxg4 13. f3 Qh5 14. Qxc4 Bc5+ 15. Kh1 e5 16. Qd5 Qh3 17. Nc3 exf4 18. gxf4 Be6 19. Qe4 Nd7 20. Qd3 Nf6 21. e3 b5 22. b3 b4 23. Ne2 Bf5 24. Qd2 Re8 25. Nd4 Bc8 26. Rf2 Nd5 27. Rc1 Bb6 28. Re1 g6 29. Nc2 Bb7 30. Kg1 Kg7 31. Nd4 Nxf4 32. Qb2 Kg8 33. Qd2 Qd7 34. Kh1 Nh3 35. Rff1 c5 0-1

[Event "EIWCC 2018"]
[Site "Vysoke Tatry"]
[Date "2018.04.10"]
[Round "3"]
[White "Berke, Ana"]
[Black "Zpevakova, Jana"]
[Result "1-0"]
[ECO "A45"]
[WhiteElo "2173"]
[BlackElo "2106"]
[Annotator "NA"]
[PlyCount "59"]
[EventDate "2018.??.??"]
[EventType "swiss"]
[EventCountry "SVK"]
[SourceTitle "playchess.com"]
[Source "ChessBase"]
[SourceQuality "1"]
[TimeControl "40/5400+30:1800+30"]

1. d4 Nf6 2. Bf4 d5 3. e3 c5 4. c3 Nc6 5. Nd2 Bf5 6. Bb5 Qb6 7. Qa4 a6 8. Bxc6+ bxc6 9. Ngf3 Nd7 10. O-O f6 11. Rfe1 g5 12. Bg3 Bg6 13. h3 Qb5 14. Qd1 Qxb2 15. e4 Qxc3 16. Rc1 Qa5 17. exd5 cxd5 18. Nb3 Qb5 19. Nxc5 Nxc5 20. Rxc5 Qd7 21. Qc1 Kf7 22. Rc7 Qf5 23. Qc6 Rd8 24. Bd6 Kg7 25. Nh2 h5 26. g4 Qd3 27. Bxe7 Bxe7 28. Rexe7+ Kh6 29. Qxf6 Rdg8 30. Nf3 1-0

[Event "EIWCC 2018"]
[Site "Vysoke Tatry"]
[Date "2018.04.10"]
[Round "3"]
[White "Stetsko, Lanita"]
[Black "Makka, Ioulia"]
[Result "1/2-1/2"]
[ECO "C01"]
[WhiteElo "2164"]
[BlackElo "2076"]
[Annotator "NA"]
[PlyCount "73"]
[EventDate "2018.??.??"]
[EventType "swiss"]
[EventCountry "SVK"]
[SourceTitle "playchess.com"]
[Source "ChessBase"]
[SourceQuality "1"]
[TimeControl "40/5400+30:1800+30"]

1. e4 e6 2. d4 d5 3. exd5 exd5 4. Nf3 Bd6 5. Bd3 Bg4 6. O-O Ne7 7. c4 dxc4 8. Bxc4 O-O 9. Nc3 Nbc6 10. Be3 Qd7 11. h3 Bh5 12. Be2 Rad8 13. Qb3 Qc8 14. Ne4 a6 15. Nc5 Na5 16. Qa4 Nac6 17. Qb3 Na5 18. Qa4 Nac6 19. Rac1 Nb8 20. Rfe1 Nd7 21. Nxd7 Qxd7 22. Qb3 Qc8 23. Bg5 Rde8 24. Bxe7 Rxe7 25. Ne5 Bxe2 26. Rxe2 b6 27. Rce1 Qf5 28. Re3 Bxe5 29. Rxe5 Rxe5 30. dxe5 a5 31. Qc4 Qd7 32. e6 fxe6 33. Rxe6 Kh8 34. Qe2 Qd4 35. Re8 Qf6 36. f3 h6 37. Rxf8+ 1/2-1/2